 Dungeon Crawl Stone Soup version 0.23-a0-619-g281719c (webtiles) character file.

27 Leeroy the Charmwright (level 3, -2/31 HPs)
             Began as a Gnoll Skald on Dec 22, 2018.
             Slain by a quokka (4 damage)
             ... on level 2 of the Dungeon.
             The game lasted 00:02:50 (528 turns).

Leeroy the Charmwright (Gnoll Skald)                 Turns: 528, Time: 00:02:51

Health: -2/31      AC:  3    Str: 13    XL:     3   Next: 10%
Magic:  7/9        EV: 13    Int: 16    God:
Gold:   52         SH:  0    Dex: 14    Spells: 1/12 levels left

rFire    . . .     SeeInvis .   a - +0 falchion
rCold    . . .     Gourm    .   (no shield)
rNeg     . . .     Faith    .   b - +0 leather armour
rPois    .         Spirit   .   (no helmet)
rElec    .         Reflect  .   (no cloak)
rCorr    .         Harm     .   (no gloves)
MR       .....                  (no boots)
Stlth    +.........             (no amulet)
HPRegen  0.10/turn              (no ring)
MPRegen  0.11/turn              (no ring)

@: drained
A: distributed training, fangs 1, strong nose
a: no special abilities


You were on level 2 of the Dungeon.
You were not hungry.

You visited 1 branch of the dungeon, and saw 2 of its levels.

You collected 52 gold pieces.

Inventory:

Hand Weapons
 a - a +0 falchion (weapon)
 f - a +1 dagger of venom
Missiles
 e - 25 sling bullets
Armour
 b - a +0 leather armour (worn)
Scrolls
 c - 3 scrolls of remove curse {unknown}
 g - 2 scrolls of teleportation {unknown}
Potions
 i - a potion of invisibility {unknown}
Comestibles
 d - 2 rations


   Skills:
 + Level 4.5(4.2) Fighting
 + Level 0.6(0.4) Short Blades
 + Level 4.5(4.2) Long Blades
 + Level 0.6(0.4) Axes
 + Level 0.6(0.4) Maces & Flails
 + Level 0.6(0.4) Polearms
 + Level 0.6(0.4) Staves
 + Level 0.6(0.4) Slings
 + Level 0.6(0.4) Bows
 + Level 0.6(0.4) Crossbows
 + Level 0.6(0.4) Throwing
 + Level 2.5(2.3) Armour
 + Level 4.5(4.2) Dodging
 + Level 0.6(0.4) Stealth
 + Level 0.6(0.4) Shields
 + Level 0.6(0.4) Unarmed Combat
 + Level 5.0(4.7) Spellcasting
 + Level 0.4(0.2) Conjurations
 + Level 0.4(0.2) Hexes
 + Level 5.4(5.1) Charms
 + Level 0.4(0.2) Summonings
 + Level 0.4(0.2) Necromancy
 + Level 0.4(0.2) Translocations
 + Level 0.4(0.2) Transmutations
 + Level 0.4(0.2) Fire Magic
 + Level 0.4(0.2) Ice Magic
 + Level 0.4(0.2) Air Magic
 + Level 0.4(0.2) Earth Magic
 + Level 0.4(0.2) Poison Magic
 + Level 0.8(0.5) Invocations
 + Level 0.6(0.4) Evocations


You had one spell level left.
You knew the following spells:

 Your Spells              Type           Power        Failure   Level  Hunger
a - Infusion              Chrm           ###.         2%          1    None
b - Song of Slaying       Chrm           ###.....     3%          2    ##.....
c - Shroud of Golubria    Chrm/Tloc      ##........   10%         2    ##.....
d - Regeneration          Chrm/Necr      ##........   21%         3    ###....
e - Spectral Weapon       Hex/Chrm       ##......     21%         3    ###....

Your spell library contained the following spells:

 Spells                   Type           Power        Failure   Level  Hunger


Dungeon Overview and Level Annotations

Branches:
Dungeon (1/15)

Altars:


Innate Abilities, Weirdness & Mutations

Your experience applies equally to all skills.
You have very sharp teeth.
Your uncanny sense of smell can sniff out nearby items.


Message History

* * * LOW HITPOINT WARNING * * *
The kobold barely misses you. The adder closely misses you.
The quokka misses you. The kobold closely misses you.
The rat closely misses you.
You barely miss the adder.
The adder is severely wounded.
The adder bites you.
* * * LOW HITPOINT WARNING * * *
The ooze hits you.
* * * LOW HITPOINT WARNING * * *
The kobold hits you with a +0 short sword of draining.
* * * LOW HITPOINT WARNING * * *
You feel drained. The quokka closely misses you.
You riposte.
You closely miss the quokka. The kobold closely misses you.
The rat bites you but does no damage. The adder barely misses you.
The ooze completely misses you.
Cast which spell? (? or * to list) Space distorts slightly along a thin shroud covering your body.
The quokka bites you.
You die...

...# #...#
+...# #...#
#.%.# # #...
.##.#.##J#
.$...)r@S###
...#..KKr..#
+[...........
#............
#.........$..
#............
######.......
$......
.......


You could see an ooze, an adder, a quokka, 2 kobolds and a rat.

Vanquished Creatures
  A dart slug (D:1)
  2 leopard geckos (D:1)
  A giant cockroach (D:1)
  5 goblins (D:1)
  4 kobolds
  A ball python (D:1)
  3 bats (D:1)
  2 frilled lizards (D:1)
  3 rats (D:1)
22 creatures vanquished.

Notes
Turn   | Place    | Note
-------+----------+-------------------------------------------
     0 | D:1      | Leeroy the Gnoll Skald began the quest for the Orb.
     0 | D:1      | Reached XP level 1. HP: 20/20 MP: 6/6
   173 | D:1      | Reached XP level 2. HP: 18/26 MP: 7/7
   182 | D:1      | Learned a level 2 spell: Song of Slaying
   185 | D:1      | Learned a level 2 spell: Shroud of Golubria
   440 | D:1      | Reached XP level 3. HP: 24/31 MP: 9/9
   456 | D:1      | Learned a level 3 spell: Regeneration
   463 | D:1      | Learned a level 3 spell: Spectral Weapon
   511 | D:1      | You fall through a shaft!
   513 | D:2      | Reached skill level 5 in Spellcasting
   528 | D:2      | Slain by a quokka

Vault maps used:
D:1:      nagdon_arrival_double_spiral
D:2:      old_standard_altar

Skill      XL: |  1  2  3 |
---------------+----------+-----
Spellcasting   | 5 |  5.0
Fighting       | |  4.5
Short Blades   | |  0.6
Long Blades    | |  4.5
Axes           | |  0.6
Maces & Flails | |  0.6
Polearms       | |  0.6
Staves         | |  0.6
Slings         | |  0.6
Bows           | |  0.6
Crossbows      | |  0.6
Throwing       | |  0.6
Armour         | |  2.5
Dodging        | |  4.5
Stealth        | |  0.6
Shields        | |  0.6
Unarmed Combat | |  0.6
Conjurations   | |  0.4
Hexes          | |  0.4
Charms         | |  5.4
Summonings     | |  0.4
Necromancy     | |  0.4
Translocations | |  0.4
Transmutations | |  0.4
Fire Magic     | |  0.4
Ice Magic      | |  0.4
Air Magic      | |  0.4
Earth Magic    | |  0.4
Poison Magic   | |  0.4
Invocations    | |  0.8
Evocations     | |  0.6

Action                   || total
-------------------------++-------
Melee: Falchion          ||    64
       Bite              ||     9
 Cast: Shroud of Golubri ||     1
 Stab: Sleeping          ||     2
Armor: Leather armour    ||    18
Dodge: Dodged            ||    90
       Rpst.: Falchion   ||    20

Table legend:
 A = Non-vault XP
 B = Vault XP
 C = Vault XP percentage of total XP
 D = Non-vault monster count
 E = Vault monster count
 F = Vault count percentage of total count
                 A         B        C        D         E       F
            +---------+---------+-------+---------+---------+-------
      Total |      39 |       0 |   0.0 |      22 |       0 |   0.0
            +---------+---------+-------+---------+---------+-------
        D:1 |      37 |       0 |   0.0 |      21 |       0 |   0.0
        D:2 |       2 |       0 |   0.0 |       1 |       0 |   0.0
            +---------+---------+-------+---------+---------+-------
